 Dungeon Crawl Stone Soup version 0.27-a0-67-g4bfc8a49e1 (webtiles) character file.

Game seed: 10850038692200934076

19759 Borgoz the Nimble (level 12, -3/110 HPs)
             Began as a Ghoul Gladiator on Jan 9, 2021.
             Was a High Priest of Makhleb.
             Killed from afar by a will-o-the-wisp (25 damage)
             ... with a foxfire
             ... on level 4 of the Lair of Beasts.
             The game lasted 00:18:34 (13665 turns).

Borgoz the Nimble (Ghoul Gladiator)                Turns: 13665, Time: 00:18:35

Health: -3/110     AC:  9    Str: 25    XL:     12   Next: 72%
Magic:  11/11      EV: 23    Int:  3    God:    Makhleb [*****.]
Gold:   835        SH:  0    Dex: 20    Spells: 11/11 levels left

rFire    . . .     SeeInvis .     - Unarmed
rCold    + . .     Faith    .   (no shield)
rNeg     + + +     Spirit   .   a - +0 leather armour
rPois    ∞         Reflect  .   b - +1 helmet
rElec    .         Harm     .   v - +1 cloak
rCorr    .         Rampage  .   (no gloves)
Will     .....                  f - +1 pair of boots
Stlth    ++........             E - amulet of the acrobat
HPRegen  0.00/turn              i - +6 ring of dexterity
MPRegen  0.12/turn              l - +6 ring of strength

@: very slightly contaminated, invisible
A: claws 1, cold resistance 1, negative energy resistance 3, inhibited
regeneration, torment resistance, unbreathing
a: Renounce Religion, Minor Destruction, Lesser Servant of Makhleb, Major
Destruction, Greater Servant of Makhleb


You were on level 4 of the Lair of Beasts.
You worshipped Makhleb.
Makhleb was extremely pleased with you.
You visited 3 branches of the dungeon, and saw 15 of its levels.

You collected 835 gold pieces.

Inventory:

Armour
 a - a +0 leather armour (worn)
 b - a +1 helmet (worn)
 f - a +1 pair of boots (worn)
 v - a +1 cloak (worn)
Jewellery
 c - an uncursed ring of wizardry {unknown}
 d - an uncursed ring of willpower {unknown}
 g - an uncursed ring of flight
 i - a +6 ring of dexterity (left claw)
 j - an uncursed ring of fire
 l - a +6 ring of strength (right claw)
 E - an amulet of the acrobat (around neck)
Wands
 o - a wand of acid (17)
 p - a wand of enslavement (8)
 q - a wand of digging (10)
 u - a wand of iceblast (7)
 w - a wand of paralysis (21)
Scrolls
 e - 5 scrolls of remove curse
 n - a scroll of magic mapping
 r - 3 scrolls of enchant armour
 t - 6 scrolls of teleportation
 y - 3 scrolls of fog
 z - a scroll of torment {unknown}
 A - a scroll of silence
 B - a scroll of random uselessness {unknown}
Potions
 h - 8 potions of curing
 k - a potion of flight
 m - a potion of invisibility
 s - a potion of ambrosia


   Skills:
 + Level 11.4 Fighting
 - Level 1.7 Throwing
 + Level 1.4 Armour
 + Level 13.2 Dodging
 + Level 2.0 Stealth
 + Level 11.6 Unarmed Combat


You had 11 spell levels left.
You didn't know any spells.
Your spell library contained the following spells:

 Spells                   Type           Power        Failure   Level
 Animate Skeleton         Necr           0%           56%         1
 Apportation              Tloc           0%           56%         1
 Corona                   Hex            0%           56%         1
 Freeze                   Ice            0%           56%         1
 Summon Small Mammal      Summ           0%           56%         1
 Blink                    Tloc           N/A          71%         2
 Frozen Ramparts          Ice            0%           91%         3
 Gell's Gravitas          Tloc           0%           91%         3
 Lesser Beckoning         Tloc           0%           91%         3
 Ozocubu's Armour         Ice            0%           91%         3
 Teleport Other           Tloc           0%           91%         3
 Hailstorm                Conj/Ice       0%           100%        4
 Passage of Golubria      Tloc           N/A          100%        4
 Summon Ice Beast         Ice/Summ       0%           100%        4


Dungeon Overview and Level Annotations

Branches:
Dungeon (10/15)            Temple (1/1) D:4            Lair (4/6) D:9
  Swamp (0/4) Lair:4       Spider (0/4) Lair:2
    Orc: D:9-12

Altars:
Ashenzari
Cheibriados
Dithmenos
Elyvilon
Fedhas
Gozag
Hepliaklqana
Kikubaaqudgha
Makhleb
Nemelex Xobeh
Okawaru
Qazlal
Ru
Sif Muna
Trog
Uskayaw
Vehumet
Wu Jian
Xom
Yredelemnul
Zin
The Shining One

Shops:
D:8 (


Innate Abilities, Weirdness & Mutations

You thrive by killing the living.
You are immune to poison.
You have sharp fingernails.
Your flesh is cold resistant. (rC+)
You are immune to negative energy. (rN+++)
You do not regenerate when monsters are visible.
You are immune to unholy pain and torment.
You can survive without breathing.


Message History

The foxfire hits you!!
* * * LOW HITPOINT WARNING * * *
The will-o-the-wisp gestures.
The will-o-the-wisp conjures some foxfire! 2 foxfires come into view.
You scratch the will-o-the-wisp.
The will-o-the-wisp is heavily damaged.
The foxfire dissipates!
The foxfire hits you but does no damage. x2
You fade into invisibility!
The will-o-the-wisp closely misses you.
You are very lightly contaminated with residual magic.
You feel much better.
The will-o-the-wisp gestures.
The will-o-the-wisp conjures some foxfire! 2 foxfires come into view.
You claw the will-o-the-wisp!
The will-o-the-wisp is almost destroyed.
The foxfire hits you!!
You die...

##........# #.........###
##.......§§§# #.........>§#
#.....§.§§§# #........§§###
######## #....§#§P§§....
##.##P.#####....#vv#........
................@v..........#
..........÷.................#.
.....#......).....#..............
....##............#(............#
...#.......#P.P..............>..#
.....#.....#................#..
...).#.....#...................
.....#......#...............# ...
... .......P...............#....


You could see a will-o-the-wisp.

Vanquished Creatures
  3 hydras
  A death yak (Lair:3)
  A two-headed ogre (D:9)
  Urug (Lair:3)
  An orc sorcerer (D:10)
  A deep elf mage (D:10)
  2 black mambas
  4 cane toads
  4 komodo dragons
  2 rime drakes
  2 trolls (D:9)
  A polar bear (Lair:1)
  5 blink frogs (Lair:1)
  Sigmund (D:3)
  10 yaks
  Grum (D:8)
  10 water moccasins
  2 orc warriors
  An ice beast (D:5)
  3 sky beasts
  3 black bears
  2 ogres
  7 centaurs
  27 wolves
  A big kobold (D:8)
  13 bullfrogs
  8 scorpions
  14 killer bees
  6 wights
  5 howler monkeys (D:7)
  2 quasits
  A hound (D:9)
  8 orc priests
  A jelly (D:5)
  A centaur skeleton (D:6)
  2 bullfrog skeletons
  Jessica (D:3)
  An iguana (D:9)
  6 orc wizards
  11 worker ants
  A killer bee zombie (D:7)
  A hound skeleton (D:7)
  A howler monkey zombie (D:7)
  A worker ant zombie (D:9)
  10 adders
  11 gnolls
  A shadow imp (D:7)
  6 white imps
  An ufetubus (D:5)
  2 adder zombies
  2 adder skeletons (D:5)
  5 worms
  3 dart slugs
  4 leopard geckos
  38 orcs
  10 giant cockroaches
  4 goblins
  13 hobgoblins
  8 jackals
  6 quokkas
  4 ball pythons
  5 bats
  5 frilled lizards
  17 kobolds
  A quokka skeleton (D:4)
  6 rats
342 creatures vanquished.

Vanquished Creatures (others)
  A killer bee (D:8)
  An adder (D:8)
  14 foxfires (Lair:4)
  7 fungi
  21 plants
44 creatures vanquished.

Grand Total: 386 creatures vanquished

Notes
Turn   | Place    | Note
-------+----------+-------------------------------------------
     0 | D:1      | Borgoz the Ghoul Gladiator began the quest for the Orb.
     0 | D:1      | Reached XP level 1. HP: 17/17 MP: 0/0
    45 | D:1      | Reached XP level 2. HP: 25/25 MP: 1/1
    50 | D:1      | Reached skill level 3 in Dodging
   334 | D:1      | Reached XP level 3. HP: 30/30 MP: 2/2
   923 | D:2      | Found a white marble altar of Elyvilon.
   990 | D:2      | Reached XP level 4. HP: 38/38 MP: 3/3
  1431 | D:3      | Reached skill level 4 in Dodging
  1439 | D:3      | Reached XP level 5. HP: 44/45 MP: 4/4
  1460 | D:3      | Noticed Jessica
  1465 | D:3      | Killed Jessica
  1542 | D:3      | Noticed Sigmund
  1546 | D:3      | Noticed a water moccasin
  1571 | D:2      | HP: 2/45 [water moccasin (6)]
  1573 | D:2      | Killed a water moccasin
  1574 | D:2      | Reached XP level 6. HP: 2/52 MP: 5/5
  1994 | D:3      | Killed Sigmund
  1995 | D:3      | Reached skill level 5 in Dodging
  2004 | D:3      | Reached skill level 5 in Unarmed Combat
  2372 | D:4      | Found a staircase to the Ecumenical Temple.
  2478 | D:4      | Reached XP level 7. HP: 60/60 MP: 6/6
  2589 | D:4      | Found a shimmering blue altar of Sif Muna.
  2668 | D:4      | Found a stormy altar of Qazlal.
  2814 | D:4      | Found a glowing golden altar of the Shining One.
  2814 | D:4      | Found a hazy altar of Hepliaklqana.
  2815 | D:4      | Found a shimmering altar of Xom.
  3058 | D:5      | Entered Level 5 of the Dungeon
  3192 | D:5      | Found an iron altar of Okawaru.
  3443 | D:5      | Reached skill level 5 in Fighting
  3443 | D:5      | Reached skill level 6 in Dodging
  3482 | D:5      | Reached XP level 8. HP: 68/68 MP: 7/7
  3934 | Temple   | Entered the Ecumenical Temple
  4030 | Temple   | Became a worshipper of Makhleb the Destroyer
  4685 | D:6      | Reached skill level 7 in Dodging
  5496 | D:7      | Reached XP level 9. HP: 78/78 MP: 8/8
  5501 | D:7      | Reached * piety under Makhleb
  5526 | D:7      | Reached skill level 8 in Dodging
  5783 | D:7      | Found an ornate altar of the Wu Jian Council.
  5889 | D:7      | Found a stormy altar of Qazlal.
  6608 | D:8      | Found Wazonar's Antique Weapon Emporium.
  6653 | D:8      | Reached skill level 9 in Dodging
  6671 | D:8      | Reached ** piety under Makhleb
  6930 | D:8      | Reached XP level 10. HP: 88/88 MP: 9/9
  7102 | D:8      | Noticed Grum
  7153 | D:8      | Killed Grum
  7744 | D:8      | Got a translucent mace
  7745 | D:8      | Identified the +4 mace of Wyrd {vamp, *Slow rF+ rN+} (You
                  | found it on level 8 of the Dungeon)
  8123 | D:9      | Noticed a two-headed ogre
  8145 | D:9      | Killed a two-headed ogre
  8146 | D:9      | Reached skill level 10 in Dodging
  8450 | D:9      | Reached *** piety under Makhleb
  8605 | D:9      | Found a staircase to the Lair.
  9032 | D:9      | Found a glowing silver altar of Zin.
  9172 | D:10     | Entered Level 10 of the Dungeon
  9374 | D:10     | Noticed an orc sorcerer
  9384 | D:10     | Killed an orc sorcerer
  9384 | D:10     | Noticed a deep elf mage
  9385 | D:10     | Reached XP level 11. HP: 77/97 MP: 10/10
  9387 | D:10     | Noticed a deep elf mage
  9391 | D:10     | Reached skill level 11 in Dodging
  9402 | D:10     | Killed a deep elf mage
  9688 | Lair:1   | Entered Level 1 of the Lair of Beasts
  9789 | Lair:1   | Reached skill level 10 in Unarmed Combat
  9802 | Lair:1   | Reached **** piety under Makhleb
 10176 | Lair:1   | Reached skill level 10 in Fighting
 10184 | Lair:1   | Noticed a seven-headed hydra
 10193 | Lair:1   | Killed a seven-headed hydra
 10317 | Lair:1   | Noticed a four-headed hydra
 10327 | Lair:1   | Killed a four-headed hydra
 10328 | Lair:1   | Reached skill level 12 in Dodging
 10855 | Lair:1   | Reached XP level 12. HP: 107/107 MP: 11/11
 11778 | Lair:2   | Found a hole to the Spider Nest.
 12138 | Lair:3   | Noticed Urug
 12153 | Lair:3   | Killed Urug
 12306 | Lair:3   | Noticed a six-headed hydra
 12315 | Lair:3   | Killed a six-headed hydra
 12316 | Lair:3   | Reached skill level 13 in Dodging
 12777 | Lair:3   | Got a fine chain mail
 12778 | Lair:3   | Identified the +5 chain mail of the Candlemaker {rF- Will-
                  | rCorr Slay+5} (You found it on level 3 of the Lair of
                  | Beasts)
 13150 | Lair:4   | Reached skill level 1 in Stealth
 13229 | Lair:4   | Reached ***** piety under Makhleb
 13291 | Lair:4   | Found a staircase to the Swamp.
 13328 | Lair:4   | Noticed a death yak
 13625 | Lair:3   | Killed a death yak
 13626 | Lair:3   | Reached skill level 1 in Armour
 13661 | Lair:4   | HP: 3/110 [will-o-the-wisp/foxfire (19)]
 13665 | Lair:4   | Killed from afar by a will-o-the-wisp

Illustrated notes

Levels and vault maps discovered:
D:1:      saegor_arrival_simple_c, layout_basic, kennysheep_pointless_box
D:2:      layout_basic, elyvilon_altar_4
D:3:      layout_basic, minmay_misc_feat_rows, uniq_jessica, uniq_sigmund
D:4:      layout_basic, gammafunk_temple_overflow_claw, kennysheep_little_box,
          minmay_temple_entry_junction, grunt_qazlal_sundering
D:5:      layout_basic, serial_bayou_pond_d, okawaru_trees_2
D:6:      layout_layer_cave
D:7:      layout_basic, nicolae_overflow_crystal_walls, basic_altar,
          chequers_avenue
D:8:      layout_layer_cave, serial_shops, shop, uniq_grum
D:9:      layout_loops_ring, zin_treasury, lair_entry_dummy
D:10:     minmay_the_grid_plus_closed [minmay_the_grid_odd_star,
          minmay_the_grid_tri_star, minmay_the_grid_spikes, minmay_the_grid_fan,
          minmay_the_grid_prize_trominoes], layout_loops_corners
Temple:   minmay_temple_bridge_d
Lair:1:   layout_regular_city, nzn_random_ring, grunt_megastairs_3
Lair:2:   layout_loops_ring, nicolae_spider_entry_non_spiders,
          lemuel_fruit_fields, grunt_megastairs_1
Lair:3:   layout_regular_city, infiniplex_staircase_pool_2, uniq_urug
Lair:4:   layout_gridlike, minmay_swamp_entry_wisps

Skill      XL: |  1  2  3  4  5  6  7  8  9 10 11 12 |
---------------+-------------------------------------+-----
Dodging        | 3 4 5 6 7 9 10 12 13 | 13.2
Fighting       | 3 4 5 6 7 9 10 11 | 11.4
Unarmed Combat | 4 5 6 8 9 10 11 | 11.6
Stealth        | 2 |  2.0
Armour         | 1 |  1.4
Throwing       | |  1.7

Action                   |  1- 3 |  4- 6 |  7- 9 | 10-12 || total
-------------------------+-------+-------+-------+-------++-------
Melee: Unarmed           |   134 |   121 |   455 |   672 ||  1382
       Punch             |     3 |       |    16 |    60 ||    79
Throw: Throwing net      |       |     2 |       |     6 ||     8
Evoke: Wand              |       |       |       |     1 ||     1
  Use: Scroll            |       |       |    15 |    11 ||    26
       Potion            |       |       |     6 |     7 ||    13
 Stab: Sleeping          |     1 |     1 |       |     1 ||     3
       Distracted        |       |       |     1 |       ||     1
       Invisible         |       |       |    12 |       ||    12
       Held in net/web   |       |       |       |     3 ||     3
Armor: Leather armour    |    38 |    14 |   151 |   103 ||   306
Dodge: Dodged            |    84 |    79 |   531 |   670 ||  1364

Table legend: (Time is in decaauts)
 A = Elapsed time spent in this place.
 B = Non-inter-level travel time spent in this place.
 C = Inter-level travel time spent in this place.
 D = Time resting spent in this place.
 E = Time spent auto-exploring this place.
 F = Levels seen in this place.
 G = Mean time per level.
                   A        B        C        D        E       F      G
               +--------+--------+--------+--------+--------+-----+--------+
         Total |  13465 |  12859 |    606 |   3218 |   7231 |  15 |  897.7 |
       Dungeon |   9404 |   8987 |    417 |   2139 |   5069 |  10 |  940.4 |
        Temple |    169 |     73 |     96 |      0 |     72 |   1 |  169.0 |
          Lair |   3891 |   3799 |     92 |   1079 |   2090 |   4 |  972.8 |
               +--------+--------+--------+--------+--------+-----+--------+

Top non-repeatable levels by time:
     D:8: 1765 daAuts
  Lair:1: 1444 daAuts
  Lair:3: 1302 daAuts
     D:2: 1116 daAuts
     D:7: 1089 daAuts
     D:6: 1081 daAuts
     D:9: 1054 daAuts
     D:5: 1011 daAuts
  Lair:2: 917 daAuts
     D:4: 785 daAuts
     D:1: 698 daAuts
     D:3: 516 daAuts
    D:10: 285 daAuts
  Lair:4: 226 daAuts
  Temple: 169 daAuts
